 Dungeon Crawl Stone Soup version 0.30-a0-760-g5a9884bb7c (webtiles) character file.

Game seed: 16137388467497829891

566 sanka the Cleaver (level 7, -1/57 HPs)
             Began as a Hill Orc Gladiator on Feb 10, 2023.
             Slain by an ogre
             ... wielding a +0 giant spiked club
              (13 damage)
             ... on level 5 of the Dungeon.
             The game lasted 00:04:56 (3420 turns).

sanka the Cleaver (Hill Orc Gladiator)              Turns: 3420, Time: 00:04:57

Health: -1/57      AC: 11    Str: 19    XL:     7   Next: 32%
Magic:  7/7        EV:  7    Int:  8    God:
Gold:   178        SH:  0    Dex: 12    Spells: 6/6 levels left

rFire   . . .      SeeInvis .    a - +0 war axe
rCold   . . .      Faith    .    (no shield)
rNeg    . . .      Spirit   .    q - +0 chain mail
rPois   .          Reflect  .    c - +0 helmet
rElec   .          Harm     .    z - +0 cloak
rCorr   .          Rampage  .    u - +0 pair of gloves
Will    .....                    (no boots) Stlth
                                 l - amulet of the acrobat
HPRegen 0.29/turn                (no ring)
MPRegen 0.10/turn                (no ring)

@: no status effects
A: no striking features
a: no special abilities


You were on level 5 of the Dungeon.
You visited 1 branch of the dungeon, and saw 5 of its levels.

You collected 178 gold pieces.


   Skills:
 - Level 3.0 Fighting
 + Level 10.5 Axes
 - Level 1.7 Throwing
 - Level 2.4 Dodging


You had 6 spell levels left.
You didn't know any spells.
Your spell library contained the following spells:

 Spells                   Type           Power      Damage    Failure   Level
 Apportation              Tloc           0%         N/A       99%         1
 Necrotise                Necr           0%         1d4       99%         1
 Summon Small Mammal      Summ           0%         N/A       99%         1
 Blink                    Tloc           0%         N/A       100%        2
 Lesser Beckoning         Tloc           0%         N/A       100%        2
 Momentum Strike          Conj/Tloc      0%         3d8       100%        2

Inventory:

Hand Weapons
 a - a +0 war axe (weapon)
Missiles
 d - 4 throwing nets (quivered) {=f}
 e - a javelin
Armour
 c - a +0 helmet (worn)
 q - a +0 chain mail (worn)
 u - a +0 pair of gloves (worn)
 z - a +0 cloak (worn)
Magical Staves
 y - a staff of earth
Jewellery
 l - an amulet of the acrobat (around neck)
Wands
 C - a wand of iceblast (11)
Scrolls
 b - a scroll of poison {unknown}
 g - 4 scrolls of identify {unknown}
 i - 3 scrolls of amnesia {unknown}
 j - a scroll of fear {unknown}
 k - a scroll of summoning {unknown}
 n - a scroll of vulnerability {unknown}
 o - 2 scrolls of fog {unknown}
 s - a scroll of brand weapon {unknown}
 t - a scroll of torment {unknown}
 w - 3 scrolls of enchant armour {unknown}
 B - a scroll of teleportation {unknown}
 D - a scroll of magic mapping {unknown}
 E - a scroll of blinking {unknown}
 F - a scroll of noise {unknown}
Potions
 f - 3 potions of heal wounds {unknown}
 h - a potion of lignification {unknown}
 m - a potion of attraction {unknown}
 p - a potion of haste {unknown}
 r - a potion of berserk rage {unknown}
 v - a potion of flight {unknown}
 x - a potion of cancellation {unknown}
 A - a potion of brilliance {unknown}

Dungeon Overview and Level Annotations

Branches:
Dungeon (5/15)
 Temple: D:4-7

Altars:
Makhleb
Yredelemnul

▒...<...[...
▒...........
▒...........
▒...........
▒.........(.
▒▒..........
▒.▒▒.(.....
▒.▒ ▒..(8.▒
▒o▒(.(▒...
▒.O.8...▒
▒.▒.(().(
▒...▒..(▒
▒.8.( 8.(
▒..(.. .▒
▒▒..... .
▒▒.... ▒▒▒▒


You could see an ogre.


Message History

Found 30 stones, the +6 shillelagh "Devastator" {shatter} and a large rock.
Found 5 stones.
You hit the ogre.
The ogre is lightly wounded.
The ogre completely misses you.
You hit the ogre. You punch the ogre.
The ogre is heavily wounded.
You hit the ogre.
The ogre is severely wounded.
The ogre barely misses you.
You slash the ogre!
You kill the ogre!
You hit the ogre but do no damage. You slash the ogre!
The ogre is moderately wounded.
The ogre hits you with a +0 giant spiked club!
You hit the ogre but do no damage.
The ogre is moderately wounded.
The ogre hits you with a +0 giant spiked club!
You slash the ogre!
The ogre is heavily wounded.
You barely miss the ogre.
The ogre is heavily wounded.
The ogre hits you with a +0 giant spiked club!!
* * * LOW HITPOINT WARNING * * *
You hit the ogre.
The ogre is heavily wounded.
The ogre hits you with a +0 giant spiked club!
You die...

Action                     |  1- 3 |  4- 6 |  7- 9 || total
---------------------------+-------+-------+-------++-------
  Melee: War axe           |    82 |   170 |    10 ||   262
         Punch             |       |     3 |     1 ||     4
   Stab: Sleeping          |     1 |       |       ||     1
 Armour: Leather armour    |    11 |       |       ||    11
         Chain mail        |     4 |    94 |       ||    98
  Dodge: Dodged            |    59 |    86 |     2 ||   147

Levels and vault maps discovered:
D:1:      dpeg_arrival_rhombi, layout_basic
D:2:      layout_basic
D:3:      minmay_octagon_keep, layout_basic, minmay_misc_feat_cross,
          corexii_shack, uniq_terence
D:4:      layout_rooms, grunt_temple_overflow_open, nicolae_half_adder
D:5:      layout_basic, gup_sewer_entry_pipe, dilly_guarded_unrand_devastator

Notes
Turn   | Place    | Note
-------+----------+-------------------------------------------
     0 | D:1      | sanka the Hill Orc Gladiator began the quest for the Orb.
     0 | D:1      | Reached XP level 1. HP: 18/18 MP: 1/1
   154 | D:1      | Reached XP level 2. HP: 25/25 MP: 2/2
   330 | D:1      | Reached skill level 3 in Fighting
   687 | D:1      | Reached skill level 5 in Axes
   842 | D:1      | Reached XP level 3. HP: 31/31 MP: 3/3
  1220 | D:2      | Reached skill level 6 in Axes
  1449 | D:2      | Reached XP level 4. HP: 38/38 MP: 4/4
  1999 | D:3      | Reached skill level 7 in Axes
  2035 | D:3      | Reached XP level 5. HP: 45/45 MP: 5/5
  2438 | D:3      | Noticed Terence
  2452 | D:3      | Killed Terence
  2749 | D:4      | Reached skill level 8 in Axes
  2751 | D:4      | Reached XP level 6. HP: 45/51 MP: 6/6
  2940 | D:4      | Found a burning altar of Makhleb.
  2953 | D:4      | Found a basalt altar of Yredelemnul.
  3017 | D:4      | Reached skill level 9 in Axes
  3303 | D:5      | Entered Level 5 of the Dungeon
  3321 | D:5      | Reached skill level 10 in Axes
  3321 | D:5      | Reached XP level 7. HP: 36/57 MP: 7/7
  3408 | D:5      | Found the +6 shillelagh "Devastator" {shatter}
  3420 | D:5      | Slain by an ogre

Vanquished Creatures
  2 ogres
  2 scorpions
  A jelly (D:4)
  Terence (D:3)
  4 gnolls
  10 adders
  A worm (D:3)
  A dart slug (D:2)
  7 orcs
  6 ball pythons
  7 endoplasms
  A giant cockroach (D:3)
  8 goblins
  6 hobgoblins
  6 kobolds
  3 quokkas (D:3)
  6 bats
  6 frilled lizards
  9 rats
87 creatures vanquished.
